 Dungeon Crawl Stone Soup version 0.15-a0-1968-gb423ccb (webtiles) character file.

63 N00bl0rd the Bolt Thrower (level 4, 0/25 HPs)
             Began as a Kobold Arcane Marksman on July 9, 2014.
             Succumbed to an adder's poison
             ... on Level 2 of the Dungeon on July 10, 2014.
             The game lasted 00:11:21 (1257 turns).

N00bl0rd the Bolt Thrower (Kobold Arcane Marksman)  Turns: 1257, Time: 00:11:22

HP   0/25        AC  2     Str  9      XL: 4   Next: 30%
MP   3/6         EV 16     Int 11      God:
Gold 38          SH  0     Dex 16      Spells:  2 memorised,  2 levels left

rFire  . . .     SeeInvis .     b - +0 crossbow
rCold  . . .     Clarity  .     a - +0 robe
rNeg   . . .     rCorr    .     (no shield)
rPois  .         rRot     .     (no helmet)
rElec  .         Spirit   .     (no cloak)
SustAb .         Warding  .     (no gloves)
rMut   .         Stasis   .     (no boots)
Gourm  .                        (no amulet)
MR     .....                    (no ring)
                                (no ring)

@: confused, lethally poisoned, not resistant to hostile enchantments, very
unstealthy
A: carnivore 3
a: no special abilities


You were on level 2 of the Dungeon.
You were not hungry.

You visited 1 branch of the dungeon, and saw 2 of its levels.

You collected 38 gold pieces.

Inventory:

Hand weapons
 b - a +0 crossbow (weapon)
Missiles
 c - 21 bolts (quivered)
Armour
 a - a +0 robe (worn)
Comestibles
 f - a meat ration
 h - a beef jerky
Scrolls
 e - a scroll of remove curse {unknown}
 i - 4 scrolls of identify {unknown}
 j - a scroll of magic mapping {unknown}
 k - a scroll of teleportation {unknown}
 l - a scroll of random uselessness {unknown}
Books
 d - a book of Debilitation

   Spells                             Type                      Level
   *Corona                            Hexes                        1
   *Slow                              Hexes                        2
   Inner Flame                        Hexes/Fire                   3
   Enslavement                        Hexes                        4
   Cause Fear                         Hexes                        4
   Leda's Liquefaction                Hexes/Earth                  4


   Skills:
 - Level 1.1 Fighting
 * Level 3.8 Crossbows
 - Level 3.3 Dodging
 + Level 1.3 Spellcasting
 * Level 3.4 Hexes


You had 2 spell levels left.
You knew the following spells:

 Your Spells              Type           Power        Failure   Level  Hunger
a - Corona                Hex            #......      10%         1    ##.....
b - Slow                  Hex            #.......     14%         2    ###....


Dungeon Overview and Level Annotations

Branches:
Dungeon (2/15)

Altars:


Innate Abilities, Weirdness & Mutations

You are small and have problems with some larger weapons.
You are carnivorous and can eat meat at any time.


Message History

You kill the rat!
You feel sick. The jackal bites you.
* * * LOW HITPOINT WARNING * * *
The jackal bites you.
* * * LOW HITPOINT WARNING * * *
Firing (i - inventory):
c - 23 bolts (quivered)
Press: ? - help, Shift-Dir - straight line, f/p - jackal
Aim: a jackal You shoot a bolt.
The bolt hits the jackal but does no damage.
The jackal bites you but does no damage.
Drink which item? (? for menu, Esc to quit)
You are confused.
It was a potion of confusion.
The jackal closely misses you. The jackal completely misses you.
Firing (i - inventory):
c - 22 bolts (quivered)
Press: ? - help, Shift-Dir - straight line, f/p - jackal
Aim: a jackal You shoot a bolt.
You die...

#..........#
##########.###.##
#..........###..#####
#.###<.........%.....
#.############.######
#...>................
####(#########.....##
#.# #.....# #@#
......# #h#
############# #(#
..... ..
#####'#+#....# ##
#....)...#####.#
#....(.........#
#........#######
#####....# . #....#
...


You could see a jackal.

Vanquished Creatures
  4 adders (D:2)
  A worm (D:2)
  3 bats (D:1)
  A giant cockroach (D:1)
  2 goblins
  2 hobgoblins
  A jackal (D:2)
  5 kobolds
  A ball python (D:2)
  2 giant newts
  5 rats
27 creatures vanquished.

Notes
Turn   | Place    | Note
--------------------------------------------------------------
     0 | D:1      | N00bl0rd, the Kobold Arcane Marksman, began the quest for the Orb.
     0 | D:1      | Reached XP level 1. HP: 12/12 MP: 2/2
   223 | D:1      | Reached XP level 2. HP: 16/16 MP: 0/3
   238 | D:1      | Learned a level 2 spell: Slow
   775 | D:2      | Reached XP level 3. HP: 20/20 MP: 2/4
   884 | D:2      | Upgraded the game from 0.15-a0-1950-gbc841a2 to 0.15-a0-1968-gb423ccb
  1037 | D:2      | Reached XP level 4. HP: 13/25 MP: 0/6
  1254 | D:2      | HP: 1/25 [jackal (1)]
  1257 | D:2      | Succumbed to an adder's poison

Action                   |  1- 3 |  4- 6 || total
-------------------------+-------+-------++-------
 Fire: Crossbow          |    43 |    11 ||    54
 Cast: Corona            |    15 |     3 ||    18
       Slow              |     3 |     2 ||     5
  Use: Potion            |       |     1 ||     1
  Eat: Chunk             |     6 |       ||     6
